 Dungeon Crawl Stone Soup version 0.31-a0-188-g5e087ee2ca (webtiles) character file.

Game seed: 8569416286821922068

51 qw the Shooter (level 3, -4/20 HPs)
             Began as a Deep Elf Hunter on June 22, 2023.
             Killed from afar by Sigmund (9 damage)
             ... with a puff of flame
             ... on level 2 of the Dungeon.
             The game lasted 00:00:25 (946 turns).

qw the Shooter (Deep Elf Hunter)                     Turns: 946, Time: 00:00:26

Health: -4/20      AC:  9    Str: 10    XL:     3   Next: 57%
Magic:  5/5        EV: 11    Int: 13    God:
Gold:   38         SH:  0    Dex: 18    Spells: 2/2 levels left

rFire   . . .        Y - +0 shortbow
rCold   . . .        (shield currently unavailable)
rNeg    . . .        d - +0 ring mail
rPois   .            (no helmet)
rElec   .            (no cloak)
rCorr   .            l - +2 pair of gloves
SInv    .            h - +0 pair of boots
Will    .....        (no amulet) Stlth
                     (no ring)
HPRegen 0.23/turn    (no ring)
MPRegen 0.09/turn

%: no passive effects
@: confused
A: no striking features
a: no special abilities


You were on level 2 of the Dungeon.
You visited 1 branch of the dungeon, and saw 2 of its levels.

You collected 38 gold pieces.


   Skills:
 - Level 1.5 Fighting
 + Level 7.1 Ranged Weapons
 - Level 2.4 Dodging
 - Level 1.2 Stealth


You had 2 spell levels left.
You didn't know any spells.
Your spell library was empty.

Inventory:

Hand Weapons
 Y - a +0 shortbow (weapon)
Armour
 d - a +0 ring mail (worn)
 h - a +0 pair of boots (worn)
 l - a +2 pair of gloves (worn)
Jewellery
 a - a ring of ice
Scrolls
 b - a scroll of torment {unknown}
Potions
 g - a potion of haste
 i - a potion of curing {unknown}
 k - a potion of heal wounds {unknown}
 o - a potion of degeneration {unknown}

Dungeon Overview and Level Annotations

Branches:
Dungeon (2/15)

Altars:

Annotations:
D:2 Sigmund


Message History

An endoplasm comes into view.
The hobgoblin hits you.
You shoot an arrow. The endoplasm quivers.
The arrow hits the hobgoblin!
You kill the hobgoblin!
Sigmund gestures at you while chanting. The puff of flame hits you!
You shoot an arrow. The arrow barely misses Sigmund.
Sigmund mumbles some strange words.
Sigmund flickers and vanishes!
Deactivating autopickup; reactivate with Ctrl-A.
Something hits you but does no damage.
931 ||| FLEEEEING.
932 ||| FLEEEEING.
933 ||| FLEEEEING.
934 ||| FLEEEEING.
935 ||| FLEEEEING.
936 ||| FLEEEEING.
937 ||| FLEEEEING.
938 ||| FLEEEEING.
939 ||| FLEEEEING.
940 ||| FLEEEEING.
The endoplasm jiggles.
941 ||| FLEEEEING.
942 ||| FLEEEEING.
943 ||| FLEEEEING.
A ball python comes into view.
The ball python hisses angrily.
You shoot an arrow. The arrow hits the endoplasm.
You kill the endoplasm!
You shoot an arrow. The arrow hits the ball python!
You kill the ball python!
You are confused.
You shoot an arrow.
A puff of flame appears from out of thin air!
The puff of flame hits you.
A puff of flame appears from out of thin air!
The puff of flame hits you!
You die...

#..##....##
###.####....# #...#
##...# #.###
##.#{####### ..#
###..#..{....## ###
##...#####.##..###.#
#..### #..........
#.## ###..###.. #.#
#@.# #.# #..#
#####.# #..# .
......# #... ..
####### ##.##..
##...... ##...# ..
##....# #.# #.....#


There were no monsters in sight!

Vanquished Creatures
  An adder (D:2)
  A worm (D:2)
  A dart slug (D:1)
  4 endoplasms
  5 goblins (D:1)
  4 hobgoblins
  3 jackals (D:1)
  4 quokkas
  3 ball pythons
  4 frilled lizards
  A kobold (D:1)
  3 rats
34 creatures vanquished.

Notes
Turn   | Place    | Note
-------+----------+-------------------------------------------
     0 | D:1      | qw the Deep Elf Hunter began the quest for the Orb.
     0 | D:1      | Reached XP level 1. HP: 12/12 MP: 3/3
     0 | D:1      | 0 ||| qw: Version: 0.3-a-9-g12657ce
     0 | D:1      | 0 ||| qw: Game counter: 2798
     0 | D:1      | 0 ||| qw: Always use a shield: true
     0 | D:1      | 0 ||| qw: God list: Okawaru
     0 | D:1      | 0 ||| qw: Allow faded altars: false
     0 | D:1      | 0 ||| qw: Do Orc after D:15 true
     0 | D:1      | 0 ||| qw: Do second Lair branch before Depths: true
     0 | D:1      | 0 ||| qw: Lair rune preference: random
     0 | D:1      | 0 ||| qw: Plans: Normal
     0 | D:1      | 0 ||| PLANNING D:1-11
   120 | D:1      | Reached skill level 6 in Ranged Weapons
   120 | D:1      | Reached XP level 2. HP: 16/16 MP: 4/4
   503 | D:1      | Reached XP level 3. HP: 18/20 MP: 5/5
   629 | D:1      | 629 ||| UPGRADING to +0 ring mail.
   639 | D:1      | 639 ||| DROPPING +0 leather armour.
   640 | D:1      | 640 ||| UPGRADING to +0 pair of boots.
   645 | D:1      | 645 ||| UPGRADING to +2 pair of gloves.
   650 | D:1      | 650 ||| READING scroll labelled DOKHIDUGHOTYL.
   654 | D:1      | 654 ||| READING scroll labelled ESOUTH YKHO.
   755 | D:1      | 755 ||| READING scroll labelled JOARGHAOVI.
   756 | D:1      | 756 ||| READING scroll labelled JAWEUTT XYORA.
   757 | D:1      | 757 ||| DRINKING 2 smoky puce potions.
   758 | D:1      | 758 ||| DRINKING 2 purple potions.
   759 | D:1      | 759 ||| DROPPING scroll of butterflies.
   760 | D:1      | 760 ||| DROPPING potion of attraction.
   921 | D:2      | Noticed Sigmund
   926 | D:2      | Reached skill level 7 in Ranged Weapons
   929 | D:2      | HP: 3/20 [Sigmund/puff of flame (9)]
   931 | D:2      | 931 ||| FLEEEEING.
   932 | D:2      | 932 ||| FLEEEEING.
   933 | D:2      | 933 ||| FLEEEEING.
   934 | D:2      | 934 ||| FLEEEEING.
   935 | D:2      | 935 ||| FLEEEEING.
   936 | D:2      | 936 ||| FLEEEEING.
   937 | D:2      | 937 ||| FLEEEEING.
   938 | D:2      | 938 ||| FLEEEEING.
   939 | D:2      | 939 ||| FLEEEEING.
   940 | D:2      | 940 ||| FLEEEEING.
   941 | D:2      | 941 ||| FLEEEEING.
   942 | D:2      | 942 ||| FLEEEEING.
   943 | D:2      | 943 ||| FLEEEEING.
   946 | D:2      | HP: 5/20 [something/puff of flame (3)]
   946 | D:2      | Killed from afar by Sigmund

Levels and vault maps discovered:
D:1:      tarquinn_simple_flora_water_b, layout_basic
D:2:      layout_rooms, uniq_sigmund, uniq_jessica

Skill      XL: |  1  2  3 |
---------------+----------+-----
Ranged Weapons | 6 7 |  7.1
Fighting       | |  1.5
Dodging        | |  2.4
Stealth        | |  1.2

Action                     || total
---------------------------++-------
   Fire: Shortbow          ||    81
    Use: Scroll            ||     4
         Potion            ||     2
 Armour: Leather armour    ||     1
         Ring mail         ||     5
  Dodge: Dodged            ||    20

Table legend:
 A = Non-vault XP
 B = Vault XP
 C = Vault XP percentage of total XP
 D = Non-vault monster count
 E = Vault monster count
 F = Vault count percentage of total count
                 A         B        C        D         E       F
            +---------+---------+-------+---------+---------+-------
      Total |      73 |       0 |   0.0 |      34 |       0 |   0.0
            +---------+---------+-------+---------+---------+-------
        D:1 |      43 |       0 |   0.0 |      25 |       0 |   0.0
        D:2 |      30 |       0 |   0.0 |       9 |       0 |   0.0
            +---------+---------+-------+---------+---------+-------
